 Dungeon Crawl Stone Soup version 0.16-a0-465-g631e55c (webtiles) character file.

2523 Ratboiler the Transmogrifier (level 9, 0/57 HPs)
             Began as an Octopode Transmuter on Sept 16, 2014.
             Was a Believer of Qazlal.
             Succumbed to a killer bee's poison
             ... on Level 6 of the Dungeon.
             The game lasted 00:30:27 (9269 turns).

Ratboiler the Transmogrifier (Octopode Transmuter)  Turns: 9269, Time: 00:30:27

HP   0/57        AC  1     Str  9      XL: 9   Next: 54%
MP  20/23        EV 14     Int 15      God: Qazlal [**....]
Gold 133         SH  3     Dex 16      Spells:  4 memorised,  1 level left

rFire  . . .     SeeInvis .     a - melded +1 whip (elec)
rCold  . . .     Clarity  .     (shield currently unavailable)
rNeg   . . .     rCorr    .     m - +0 hat
rPois  .         rRot     .     (no amulet)
rElec  .         Spirit   .     g - ring of magical power
SustAb .         Warding  .     w - ring of protection from magic
rMut   .         Stasis   .     (no ring)
Gourm  .                        (no ring)
MR     +....                    (no ring)
                                (no ring)
                                (no ring)
                                (no ring)

@: lethally poisoned, blade tentacles (expiring), somewhat resistant to hostile
enchantments, unstealthy
A: almost no armour, amphibious, 8 rings, constrict 8, camouflage 1, breathe
flames 1, spit poison 1, wild magic 1, gelatinous body 1
a: Spit Poison, End Transformation, Upheaval, Renounce Religion, Breathe Fire


You were on level 6 of the Dungeon.
You worshipped Qazlal.
Qazlal was pleased with you.
You were not hungry.
Your tentacles were blades.
You visited 1 branch of the dungeon, and saw 7 of its levels.

You collected 248 gold pieces.
You spent 115 gold pieces at shops.

Inventory:

Hand weapons
 a - a +1 whip of electrocution (melded)
 t - a +2 dagger of draining
Missiles
 b - 80 arrows
 j - 19 arrows of dispersal
Armour
 m - a +0 hat (worn)
Magical devices
 x - a wand of confusion (12)
 y - a wand of confusion (13)
 B - a wand of confusion (2)
 D - a wand of flame (10)
Comestibles
 c - 3 bread rations
 G - 2 chunks of orc flesh
 H - 3 rotting chunks of orc flesh
Scrolls
 e - a scroll of enchant armour {unknown}
 f - 2 scrolls of teleportation
 h - 2 scrolls of random uselessness {unknown}
 p - 2 scrolls of blinking
 q - 2 scrolls of remove curse
 r - a scroll of enchant weapon
 u - a scroll of recharging {unknown}
 z - a scroll of immolation {unknown}
 E - a scroll of vulnerability {unknown}
 F - a scroll of fog {unknown}
Jewellery
 g - a ring of magical power (left scythe-like blade)
 i - an uncursed ring of teleportation
 w - a ring of protection from magic (right scythe-like blade)
Potions
 k - 2 potions of cancellation
 n - a potion of restore abilities {unknown}
 s - a potion of degeneration {unknown}
 A - a potion of cure mutation
Books
 d - a book of Changes

   Spells                             Type                      Level
   *Beastly Appendage                 Transmutation                1
   *Sticks to Snakes                  Transmutation                2
   *Spider Form                       Transmutation/Poison         3
   Ice Form                           Ice/Transmutation            4
   *Blade Hands                       Transmutation                5
 o - a book of Summonings

   Spells                             Type                      Level
   Abjuration                         Summoning                    3
   Recall                             Summoning/Translocation      3
   Shadow Creatures                   Summoning                    5
   Summon Demon                       Summoning                    5
   Summon Forest                      Summoning/Translocation      5
   Monstrous Menagerie                Summoning                    6
 C - a book of Party Tricks

   Spells                             Type                      Level
   Summon Butterflies                 Summoning                    1
   Apportation                        Translocation                1
   Blink                              Translocation                2
   Tukima's Dance                     Hexes                        3
   Alistair's Intoxication            Transmutation/Poison         4
Magical staves
 v - an uncursed staff of fire


   Skills:
 + Level 3.5 Fighting
 + Level 4.1 Dodging
 * Level 6.2 Unarmed Combat
 - Level 2.0 Spellcasting
 - Level 10.3 Transmutations


You had one spell level left.
You knew the following spells:

 Your Spells              Type           Power        Failure   Level  Hunger
a - Beastly Appendage     Trmt           #####.       22%         1    #......
b - Sticks to Snakes      Trmt           #####.....   22%         2    ###....
c - Spider Form           Trmt/Pois      ####......   61%         3    ####...
d - Blade Hands           Trmt           #####.....   65%         5    ######.


Dungeon Overview and Level Annotations

Branches:
Dungeon (7/15)             Temple (0/1) D:4

Altars:
Ashenzari
Cheibriados
Dithmenos
Fedhas
Gozag
Kikubaaqudgha
Makhleb
Okawaru
Qazlal
Vehumet
The Shining One

Shops:
D:4 *   D:6 *

Annotations:
D:4 Menkaure


Innate Abilities, Weirdness & Mutations

You cannot wear most types of armour.
You are amphibious.
You can wear up to eight rings at the same time.
You can use your tentacles to constrict many enemies at once.
Your skin changes colour to match your surroundings (Stealth).
Your rubbery body absorbs attacks (AC +1).
You can breathe flames.
You can spit poison.
Your spells are a little harder to cast, but a little more powerful.


Message History

The killer bee stings you!
* * * LOW HITPOINT WARNING * * *
The killer bee stings you.
* * * LOW HITPOINT WARNING * * *
Drink which item? (? for menu, Esc to quit)
Okay, then.
You hit the killer bee. Your grab misses the killer bee.
Your squeeze misses the killer bee.
The killer bee is moderately wounded.
The killer bee stings you!
* * * LOW HITPOINT WARNING * * *
You are more poisoned.
The killer bee poisons you!
Drink which item? (? for menu, Esc to quit)
You feel extremely strange.
You feel less in control of your magic.
Your throat feels hot.
There is a nasty taste in your mouth for a moment.
It was a potion of mutation.
Your transformation is almost over.
You die...

# #)# #.# #.# # ##.###.###.#
#### ####..+.._###.## ...#
#.....###.###..# ...# #.....#
#.# #..# ...###.....###'###..#
..............).....#
.............#>###..#
.............#.y@..##
.............#.#####
.............#.#
......########.# ......#.# #.#
......#.######.###############
......#......#...............#
#######.####.##############.##
# #.# #.# #.....<.#.#


You could see a killer bee.

Vanquished Creatures
  Pikel (D:5)
  The ghost of Ratboiler the Geomancer, an experienced OpEE (D:5)
  Eustachio (D:4)
  A hippogriff (D:6)
  2 water moccasins (D:6)
  3 slaves (D:5)
  2 ice beasts
  A phantom (D:6)
  A centaur (D:6)
  Duvessa (D:5)
  A scorpion (D:7)
  2 killer bees (D:6)
  2 crimson imps
  A hound (D:2)
  Dowan (D:5)
  A jelly (D:5)
  2 iguanas
  A yellow wasp zombie (D:6)
  5 orc priests
  Natasha (thrice) (D:6)
  2 worker ants
  Ijyb (D:5)
  An ogre zombie (D:5)
  A hound skeleton (D:5)
  4 gnolls (D:5)
  9 adders
  3 giant mites
  A shadow imp (D:5)
  2 worms
  3 giant geckos
  2 oozes
  10 orcs
  2 ball pythons
  5 giant cockroaches
  11 hobgoblins
  15 bats
  A giant gecko zombie (D:5)
  4 giant newts
  14 goblins
  A hobgoblin zombie (D:7)
  15 kobolds
  3 quokkas
  A quokka skeleton (D:5)
  10 rats
  A rat zombie (D:6)
155 creatures vanquished.

Vanquished Creatures (others)
  A quasit (D:5)
  A rat (D:5)
2 creatures vanquished.

Grand Total: 157 creatures vanquished

Notes
Turn   | Place    | Note
--------------------------------------------------------------
     0 | D:1      | Ratboiler, the Octopode Transmuter, began the quest for the Orb.
     0 | D:1      | Reached XP level 1. HP: 13/13 MP: 3/3
   309 | D:1      | Reached XP level 2. HP: 12/18 MP: 2/4
   597 | D:1      | Learned a level 2 spell: Sticks to Snakes
   857 | D:1      | Reached XP level 3. HP: 23/23 MP: 6/6
  1053 | D:2      | Found a stormy altar of Qazlal.
  1083 | D:2      | Became a worshipper of Qazlal Stormbringer
  1284 | D:2      | Found a burning altar of Makhleb.
  1290 | D:2      | Reached skill level 4 in Transmutations
  1290 | D:2      | Reached XP level 4. HP: 24/28 MP: 7/7
  1494 | D:2      | Learned a level 3 spell: Spider Form
  2029 | D:3      | Reached skill level 5 in Transmutations
  2029 | D:3      | Reached XP level 5. HP: 33/33 MP: 9/9
  2080 | D:3      | Acquired Qazlal's first power
  2185 | D:3      | Found a shattered altar of Ashenzari.
  2463 | D:3      | Found a blossoming altar of Fedhas.
  2840 | D:4      | Found a shadowy altar of Dithmenos.
  2850 | D:4      | Noticed Eustachio
  2867 | D:4      | Killed Eustachio
  2867 | D:4      | Reached skill level 6 in Transmutations
  2867 | D:4      | Reached XP level 6. HP: 36/38 MP: 10/10
  2939 | D:4      | Found Teismoj's Assorted Antiques.
  2942 | D:4      | Bought a tubular coral ring for 115 gold pieces
  3592 | D:4      | Found an ancient bone altar of Kikubaaqudgha.
  3641 | D:4      | Found a snail-covered altar of Cheibriados.
  3641 | D:4      | Noticed Menkaure
  3959 | D:4      | Reached skill level 7 in Transmutations
  3967 | D:4      | Found a staircase to the Ecumenical Temple.
  4182 | D:5      | Entered Level 5 of the Dungeon
  4283 | D:5      | Reached XP level 7. HP: 19/43 MP: 12/12
  4550 | D:5      | Noticed Ijyb
  4559 | D:5      | Killed Ijyb
  4568 | D:5      | Noticed Pikel
  4841 | D:5      | Killed Pikel
  4841 | D:5      | Acquired Qazlal's second power
  4841 | D:5      | Reached skill level 9 in Transmutations
  4841 | D:5      | Reached XP level 8. HP: 10/48 MP: 13/13
  5112 | D:5      | Learned a level 5 spell: Blade Hands
  5442 | D:5      | Noticed Ratboiler's ghost (experienced OpEE)
  5455 | D:5      | Killed Ratboiler's ghost
  5455 | D:5      | Reached skill level 10 in Transmutations
  5666 | D:5      | Noticed Dowan
  5667 | D:5      | Noticed Duvessa
  5683 | D:5      | Killed Dowan
  5769 | D:5      | Killed Duvessa
  6295 | D:6      | Found an opulent altar of Gozag.
  6337 | D:6      | Found a radiant altar of Vehumet.
  6338 | D:6      | Found an iron altar of Okawaru.
  6338 | D:6      | Found a glowing golden altar of the Shining One.
  6395 | D:6      | Found Basaf Schirphi's Serpentskin Sales.
  6596 | D:6      | Noticed Natasha
  6602 | D:6      | Killed Natasha
  6878 | D:6      | Reached XP level 9. HP: 17/54 MP: 14/14
  7145 | D:6      | Noticed Natasha
  7290 | D:6      | Killed Natasha
  7296 | D:6      | Noticed Natasha
  7301 | D:6      | Killed Natasha
  7519 | D:6      | Reached skill level 5 in Unarmed Combat
  9268 | D:6      | HP: 1/57 [killer bee (7)]
  9269 | D:6      | Gained mutation: Your spells are a little harder to cast, but a little more powerful. [potion of mutation]
  9269 | D:6      | Gained mutation: You can breathe flames. [potion of mutation]
  9269 | D:6      | Gained mutation: You can spit poison. [potion of mutation]
  9269 | D:6      | Succumbed to a killer bee's poison

Action                   |  1- 3 |  4- 6 |  7- 9 || total
-------------------------+-------+-------+-------++-------
Melee: Dagger            |    52 |    27 |       ||    79
       Unarmed           |     2 |    45 |   190 ||   237
       Whip              |       |    51 |    47 ||    98
 Cast: Beastly Appendage |    11 |     8 |     1 ||    20
       Spider Form       |       |    10 |    17 ||    27
       Blade Hands       |       |       |    12 ||    12
Evoke: Wand              |       |     1 |       ||     1
  Use: Scroll            |     4 |     6 |     4 ||    14
       Potion            |       |     2 |     3 ||     5
 Stab: Sleeping          |     1 |       |       ||     1
  Eat: Chunk             |     1 |     9 |     5 ||    15
       Fruit             |       |     3 |     6 ||     9
       Meat ration       |       |       |     1 ||     1
       Royal jelly       |       |       |     1 ||     1
       Bread ration      |       |       |     1 ||     1
       Pizza             |       |       |     1 ||     1
